AoeStats
← Robyht

MegaRandom

509887458Analyzed
2v2 RM · 3d ago on Sep 28, 2026· 50m 5s· 4 players
Game mode
Random Map
Map size
Medium (4 player)
Population
200
Speed
Normal
Resources
Standard
Victory
Conquest
Starting age
Dark Age
Ending age
Imperial Age
RankedLock teamsTeams togetherTeam positionsShared explorationLock speedFull tech treeHidden civsTurbo modeCheats
Victory
Defeat
🇮🇹 Romans · Italy
920
+16
🇮🇹 Bohemians · Italy
920
+16
🇨🇳 Koreans · China
938
-16
🇦🇷 Aztecs · Argentina
910
-16
pedrowelsh2003
14:06 Feudal Age
14:54 Fishing Lines
15:18 Double-Bit Axe
15:15 Horse Collar
15:26 Gold Mining
18:28 Castle Age
22:09 Bow Saw
23:19 Heavy Plow
25:26 Wheelbarrow
28:47 Hand Cart
29:43 Gold Shaft Mining
30:57 Forging
30:48 Scale Mail Armor
30:57 Town Watch
30:58 Loom
35:07 Imperial Age
32:37 Town Patrol
34:03 Stone Mining
37:26 Iron Casting
37:06 Chain Mail Armor
37:11 Elite Jaguar Warrior
38:11 Garland Wars
38:36 Elite Jaguar Warrior
40:14 Squires
41:19 Blast Furnace
40:50 Plate Mail Armor
39:48 Eagle Warrior
45:17 Caravan
45:42 Elite Eagle Warrior
crazy hippo
11:02 Feudal Age
15:07 Fishing Lines
21:00 Double-Bit Axe
23:22 Castle Age
25:43 Thumb Ring
24:59 Crossbowman
31:20 Bow Saw
31:34 Ballistics
30:55 Treadmill Crane
35:49 Caravan
38:48 Imperial Age
37:22 Heated Shot
40:14 Arbalester
41:23 Forging
41:20 Scale Barding Armor
41:58 Husbandry
41:19 Cavalier
41:28 Light Cavalry
42:08 Horse Collar
44:42 Conscription
45:58 Wheelbarrow
45:09 Town Watch
47:09 Chain Barding Armor
47:25 Iron Casting
DaffySpace6253
0:35 Loom
6:56 Loom
12:05 Feudal Age
12:49 Fishing Lines
17:20 Castle Age
15:46 Double-Bit Axe
16:03 Town Watch
18:32 Gillnets
20:17 Town Patrol
21:53 Bow Saw
24:38 Wheelbarrow
26:57 Siphons
27:14 Ballistics
29:30 Hand Cart
30:13 Fletching
36:05 Imperial Age
33:37 Bodkin Arrow
34:10 Horse Collar
36:02 Chemistry
35:38 Wagenburg Tactics
36:19 Forging
36:27 Houfnice
37:38 Conscription
44:15 Pikeman
45:38 Iron Casting
44:44 Halberdier
46:11 Scale Mail Armor
46:00 Man-at-Arms
48:17 Long Swordsman
49:25 Two-Handed Swordsman
Robyht
0:30 Loom
12:57 Feudal Age
13:25 Fishing Lines
13:37 Gold Mining
14:55 Double-Bit Axe
15:00 Town Watch
15:36 Horse Collar
20:37 Castle Age
22:06 Medium Warships
23:23 Gillnets
24:18 Wheelbarrow
23:38 Demolition Ship
26:54 Bow Saw
30:24 Imperial Age
29:34 Gold Shaft Mining
30:01 Man-at-Arms
31:10 Hand Cart
32:05 Heavy Warships
32:01 Long Swordsman
34:40 Chemistry
33:31 Heavy Scorpion
34:43 Heavy Plow
37:33 Ballistics
38:29 Legionary
39:15 Scale Mail Armor
39:26 Forging
39:07 Fletching
40:05 Squires
40:23 Chain Mail Armor
Connection lost

Rejoining the realm…

Still unreachable

The connection could not be restored.

Session expired

The server has moved on; the page needs a fresh start.